AoeStats
← Atlicious

Arabia

510801219Analyzed
4v4 RM · 13h ago on Oct 2, 2026· 14m 23s· 8 players
Game mode
Random Map
Map size
Large (8 player)
Population
200
Speed
Normal
Resources
Standard
Victory
Conquest
Starting age
Dark Age
Ending age
Imperial Age
RankedLock teamsTeams togetherTeam positionsShared explorationLock speedFull tech treeHidden civsTurbo modeCheats
Victory
Defeat
🇬🇧 Saracens · United Kingdom
1328
+14
🇮🇳 Khmer · India
1233
+18
🇳🇴 Italians · Norway
1169
+21
🇳🇱 Franks · Netherlands
1085
+25
🇨🇳 Tatars · China
1322
-21
🇨🇳 Burgundians · China
1276
-19
🇩🇪 Britons · Germany
1262
-19
🇨🇳 Magyars · China
1259
-19
wuming
6:15 Loom
8:55 Feudal Age
9:46 Double-Bit Axe
13:46 Horse Collar
Jason
5:56 Loom
9:03 Feudal Age
9:52 Double-Bit Axe
jinzhi
5:06 Double-Bit Axe
6:29 Loom
9:19 Feudal Age
青柑普洱
6:01 Loom
8:47 Feudal Age
14:07 Double-Bit Axe
The OG PinkMan
9:43 Feudal Age
10:00 Loom
Medina90
3:27 Loom
6:37 Loom
9:29 Feudal Age
10:20 Double-Bit Axe
Atlicious
4:56 Loom
9:48 Feudal Age
10:29 Double-Bit Axe
13:15 Fletching
abli30
6:38 Loom
8:45 Feudal Age
9:22 Double-Bit Axe
10:17 Gold Mining
14:21 Fletching
Connection lost

Rejoining the realm…

Still unreachable

The connection could not be restored.

Session expired

The server has moved on; the page needs a fresh start.